 Dungeon Crawl Stone Soup version 0.30-a0-422-g946f4849ff (webtiles) character file.

Game seed: 17593872318952818196

2807 NinjaNoafa the Changer (level 9, -2/93 HPs)
             Began as an Ogre Transmuter on Dec 8, 2022.
             Was an Initiate of Wu Jian.
             Succumbed to a killer bee's poison
             ... on level 7 of the Dungeon.
             The game lasted 00:20:29 (8411 turns).

NinjaNoafa the Changer (Ogre Transmuter)            Turns: 8411, Time: 00:20:29

Health: -2/93      AC:  4    Str: 16    XL:     9   Next: 72%
Magic:  15/15      EV: 10    Int: 18    God:    Wu Jian [......]
Gold:   793        SH:  0    Dex:  9    Spells: 7/16 levels left

rFire   . . .      SeeInvis .      - Unarmed
rCold   . . .      Faith    .    (no shield)
rNeg    . . .      Spirit   .    a - +0 robe
rPois   .          Reflect  .    (helmet restricted)
rElec   .          Harm     .    z - +0 cloak
rCorr   .          Rampage  .    (gloves unavailable)
Will    +....                    (boots unavailable)
Stlth   +.........               t - amulet of magic regeneration
HPRegen 0.35/turn                h - ring of wizardry
MPRegen 0.54/turn                n - ring of willpower

@: lethally poisoned (-2 -> -32)
A: large, unfitting armour, tough skin 1
a: Renounce Religion


You were on level 7 of the Dungeon.
You worshipped Wu Jian.
Wu Jian was noncommittal.
You visited 2 branches of the dungeon, and saw 9 of its levels.

You collected 793 gold pieces.

Inventory:

Missiles
 g - 47 stones
 l - 3 datura-tipped darts
 s - 11 poisoned darts
Armour
 a - a +0 robe (worn)
 z - a +0 cloak (worn)
Jewellery
 h - a ring of wizardry (left hand)
 n - a ring of willpower (right hand)
 t - an amulet of magic regeneration (around neck)
Wands
 v - a wand of charming (11)
 y - a wand of polymorph (4)
Scrolls
 b - a scroll of blinking {unknown}
 e - 4 scrolls of identify
 f - 2 scrolls of enchant armour
 j - a scroll of torment {unknown}
 o - a scroll of brand weapon {unknown}
 p - a scroll of immolation {unknown}
 r - a scroll of vulnerability {unknown}
 w - a scroll of fear {unknown}
 x - a scroll of noise {unknown}
Potions
 c - 2 potions of attraction
 d - 2 potions of degeneration
 k - 2 potions of flight
 A - a potion of brilliance


   Skills:
 - Level 7.0 Fighting
 - Level 5.0 Dodging
 - Level 5.0 Unarmed Combat
 - Level 4.0 Spellcasting
 - Level 3.0 Necromancy
 + Level 7.3 Transmutations
 - Level 3.0 Poison Magic


You had 7 spell levels left.
You knew the following spells:

 Your Spells              Type           Power      Damage    Failure   Level
a - Beastly Appendage     Tmut           60%        N/A       1%          1
b - Wereblood             Tmut           30%        N/A       1%          2
c - Spider Form           Tmut/Pois      22%        N/A       2%          3
d - Necrotise             Necr           56%        1d6       1%          1
f - Sublimation of Blood  Necr           14%        N/A       2%          2

Your spell library contained the following spells:

 Spells                   Type           Power      Damage    Failure   Level
 Apportation              Tloc           6%         N/A       6%          1
 Summon Small Mammal      Summ           12%        N/A       6%          1
 Ice Form                 Ice/Tmut       16%        N/A       13%         4
 Petrify                  Tmut/Erth      16%        N/A       13%         4
 Frozen Ramparts          Ice            6%         1d1       17%         3
 Gell's Gravitas          Tloc           3%         N/A       17%         3
 Lesser Beckoning         Tloc           6%         N/A       17%         3
 Teleport Other           Tloc           3%         N/A       17%         3
 Irradiate                Conj/Tmut      8%         3d14      32%         5
 Summon Ice Beast         Ice/Summ       3%         N/A       47%         4


Dungeon Overview and Level Annotations

Branches:
Dungeon (8/15)             Temple (1/1) D:6
   Lair: D:8-11

Altars:
Ashenzari
Cheibriados
Dithmenos
Elyvilon
Fedhas
Gozag
Hepliaklqana
Makhleb
Nemelex Xobeh
Okawaru
Qazlal
Ru
Sif Muna
Trog
Uskayaw
Vehumet
Wu Jian
Xom
Yredelemnul
Zin
The Shining One


Innate Abilities, Weirdness & Mutations

You are too large for most types of armour.
You have tough skin. (AC +1)


Message History

Okay, then.
As you read the scroll labelled DEPSYT HEARPHOU, it crumbles to dust.
It is a scroll of identify.
f - 2 scrolls of enchant armour You feel sick.
The killer bee stings you. x2
You are more poisoned.
The killer bee poisons you! The killer bee barely misses you.
The killer bee stings you. The howler monkey closely misses you.
The killer bee barely misses you. The killer bee stings you.
The killer bee barely misses you. The killer bee stings you.
Okay, then.
Okay, then.
Okay, then.
Okay, then.
Unknown command.
As you read the scroll labelled XOTUBR FEXKIOM, it crumbles to dust.
It is a scroll of amnesia.
Really abort (and waste the scroll)?
Okay, then.
You feel very sick. The killer bee stings you.
* * * LOW HITPOINT WARNING * * *
You are more poisoned.
The killer bee poisons you! The killer bee stings you!
* * * LOW HITPOINT WARNING * * *
The howler monkey closely misses you. The killer bee stings you!
* * * LOW HITPOINT WARNING * * *
The killer bee stings you but does no damage.
The killer bee closely misses you. The killer bee stings you.
* * * LOW HITPOINT WARNING * * *
You are more poisoned.
The killer bee poisons you! The killer bee closely misses you.
The killer bee stings you.
* * * LOW HITPOINT WARNING * * *
The howler monkey hoots and howls with incredible vigour!
Okay, then.
The air fills with toxic fumes!
As you read the scroll labelled FAMPINUH XYGANK, it crumbles to dust.
It was a scroll of poison.
You die...

.....# .....# #################
.....# #...............# .....#
#..........)....# .....#
##..♣.♣♣♣.♣♣♣.♣..# .....#
##...♣...♣.♣......# .....#
#§.#.♣♣♣.♣...♣....#
.....##########y##...♣.♣.......##
.........§§§§§§y@#._........._.#
.....########§§hyy§§§♣...♣.♣...#
.....# #§§§§§§♣♣♣...♣.♣♣♣.#
###### #§§§§§§♣...♣.♣...♣[#
#§§§§§§♣.♣♣♣.♣♣♣.♣.#
#######§§§§§§§...........#
#.....§§§§§§§#############
#....§§§§§§§§#####
##.##.##......#...#


You could see a howler monkey and 4 killer bees.

Vanquished Creatures
  Joseph (D:7)
  Maggie (D:7)
  Sigmund (D:5)
  Menkaure (D:5)
  A water moccasin (D:7)
  A black bear (D:6)
  3 sky beasts
  A centaur (D:7)
  2 necrophages
  2 scorpions
  A killer bee (D:7)
  4 vampire bats
  2 howler monkeys
  A crimson imp (D:7)
  A jelly (D:6)
  2 orc priests
  2 hounds
  5 iguanas
  7 orc wizards
  15 adders
  4 gnolls (D:4)
  A shadow imp (D:3)
  A white imp (D:7)
  2 worms
  5 dart slugs
  3 fire bats (D:3)
  12 orcs
  2 spectral bats (D:3)
  8 ball pythons
  3 bat skeletons (D:3)
  A bat zombie (D:3)
  7 endoplasms
  4 giant cockroaches
  11 goblins
  8 hobgoblins
  9 jackals
  5 quokkas
  22 bats
  A bat simulacrum (D:3)
  6 frilled lizards
  8 kobolds
  4 rats
181 creatures vanquished.

Vanquished Creatures (others)
  A fungus (D:1)
1 creature vanquished.

Grand Total: 182 creatures vanquished

Notes
Turn   | Place    | Note
-------+----------+-------------------------------------------
     0 | D:1      | NinjaNoafa the Ogre Transmuter began the quest for the Orb.
     0 | D:1      | Reached XP level 1. HP: 19/19 MP: 3/3
   182 | D:1      | Reached XP level 2. HP: 19/27 MP: 3/5
   571 | D:1      | Reached XP level 3. HP: 33/33 MP: 5/7
  1129 | D:1      | Learned a level 2 spell: Wereblood
  1399 | D:2      | Identified the +5 dagger of Devotion {vorpal, rF+ Dex+3}
  1554 | D:2      | Reached XP level 4. HP: 31/41 MP: 7/9
  2655 | D:3      | Reached XP level 5. HP: 46/48 MP: 8/10
  2698 | D:3      | Found a faded altar of an unknown god.
  3041 | D:3      | Reached XP level 6. HP: 55/55 MP: 9/12
  3050 | D:3      | Reached skill level 5 in Transmutations
  3673 | D:4      | Reached XP level 7. HP: 59/62 MP: 13/13
  4088 | D:4      | Learned a level 3 spell: Spider Form
  4091 | D:4      | Learned a level 2 spell: Sublimation of Blood
  4527 | D:4      | Found a blossoming altar of Fedhas.
  4760 | D:5      | Entered Level 5 of the Dungeon
  4778 | D:5      | Noticed Menkaure
  5010 | D:5      | Reached skill level 1 in Necromancy
  5050 | D:5      | Killed Menkaure
  5051 | D:5      | Reached skill level 1 in Poison Magic
  5137 | D:5      | Reached XP level 8. HP: 18/72 MP: 14/14
  5397 | D:5      | Noticed Sigmund
  5410 | D:5      | Killed Sigmund
  5543 | D:5      | Reached skill level 5 in Fighting
  5757 | D:5      | Found a hazy altar of Hepliaklqana.
  6156 | D:6      | Found a staircase to the Ecumenical Temple.
  6188 | Temple   | Entered the Ecumenical Temple
  6325 | Temple   | Became a worshipper of the Wu Jian Council
  6480 | D:6      | Reached skill level 5 in Unarmed Combat
  7058 | D:6      | Reached XP level 9. HP: 59/89 MP: 15/15
  7546 | D:7      | Noticed Joseph
  7566 | D:7      | Killed Joseph
  7819 | D:7      | Learned a level 1 spell: Necrotise
  7838 | D:7      | Reached skill level 5 in Dodging
  7919 | D:7      | Found a burning altar of Makhleb.
  8002 | D:7      | Found a snail-covered altar of Cheibriados.
  8042 | D:7      | Found a shimmering altar of Xom.
  8047 | D:7      | Noticed Maggie
  8087 | D:7      | Killed Maggie
  8411 | D:7      | Succumbed to a killer bee's poison

Illustrated notes

Levels and vault maps discovered:
D:1:      onia_arrival_mini_maze_b, layout_loops_ring
D:2:      layout_loops_corners
D:3:      layout_loops_ring, hellmonk_ecumenical_altar_slurped_away,
          st_stairs_8, goddamned_bats
D:4:      minmay_polygon_palace, layout_basic, kennysheep_mini_moat,
          roderic_batcave
D:5:      layout_rooms, worldfamousw_hep_ancestral_shrine,
          chequers_serial_rivers_micro_c, kennysheep_path_1, uniq_menkaure,
          uniq_sigmund
D:6:      layout_loops_ring, minmay_temple_entry_sparse_star
D:7:      layout_basic, makhleb_grotto_becter,
          mainiacjoe_overflow_large_starburst, uniq_maggie, uniq_joseph
D:8:      layout_rooms, erik_lair_orcish_takeover
Temple:   lightli_temple_of_artemis

Skill      XL: |  1  2  3  4  5  6  7  8  9 |
---------------+----------------------------+-----
Transmutations | 2 3 4 6 7 |  7.3
Spellcasting   | 3 4 |  4.0
Necromancy     | 1 3 |  3.0
Poison Magic   | 1 3 |  3.0
Fighting       | 2 6 7 |  7.0
Unarmed Combat | 5 |  5.0
Dodging        | 2 5 |  5.0

Action                   |  1- 3 |  4- 6 |  7- 9 || total
-------------------------+-------+-------+-------++-------
Melee: Unarmed           |   159 |   189 |   299 ||   647
       Kick              |    23 |    44 |    25 ||    92
       Headbutt          |    12 |    31 |    11 ||    54
       Punch             |     1 |     2 |     3 ||     6
 Cast: Beastly Appendage |    23 |    30 |    18 ||    71
       Wereblood         |     2 |     5 |     5 ||    12
       Spider Form       |       |       |    32 ||    32
       Necrotise         |       |       |    13 ||    13
Invok: Lunge             |       |       |     6 ||     6
Evoke: Wand              |       |       |     3 ||     3
  Use: Potion            |       |     1 |    11 ||    12
       Scroll            |       |       |     3 ||     3
 Stab: Sleeping          |     1 |     1 |       ||     2
       Betrayed ally     |       |       |     1 ||     1
Armor: Robe              |    95 |   147 |    33 ||   275
       Skin              |       |     3 |    22 ||    25
Dodge: Dodged            |    93 |   154 |   235 ||   482

Table legend: (Time is in decaauts)
 A = Elapsed time spent in this place.
 B = Non-inter-level travel time spent in this place.
 C = Inter-level travel time spent in this place.
 D = Time resting spent in this place.
 E = Time spent auto-exploring this place.
 F = Levels seen in this place.
 G = Mean time per level.
                   A        B        C        D        E       F      G
               +--------+--------+--------+--------+--------+-----+--------+
         Total |   8377 |   8082 |    295 |    222 |   6260 |   9 |  930.8 |
       Dungeon |   8209 |   7939 |    270 |    222 |   6139 |   8 | 1026.1 |
        Temple |    167 |    142 |     25 |      0 |    121 |   1 |  167.0 |
               +--------+--------+--------+--------+--------+-----+--------+

Top non-repeatable levels by time:
     D:4: 1551 daAuts
     D:7: 1268 daAuts
     D:1: 1264 daAuts
     D:2: 1242 daAuts
     D:6: 1133 daAuts
     D:5: 896 daAuts
     D:3: 846 daAuts
  Temple: 167 daAuts
     D:8: 6 daAuts
